 Dungeon Crawl Stone Soup version 0.31-a0-1277-g9d81352 (webtiles) character file.

Game seed: 5539218016901794740

700 Dorkslayer the Poker (level 7, -2/54 HPs)
             Began as a Merfolk Fighter on Dec 17, 2023.
             Was an Initiate of Gozag.
             Slain by a killer bee zombie (4 damage)
             ... in an ossuary.
             The game lasted 00:10:06 (2403 turns).

Dorkslayer the Poker (Merfolk Fighter)              Turns: 2403, Time: 00:10:07

Health: -2/54      AC: 12    Str: 18    XL:     7   Next: 65%
Magic:  7/7        EV:  9    Int:  7    God:    Gozag
Gold:   234        SH:  5    Dex: 14    Spells: 6/6 levels left

rFire   . . .        a - +0 trident
rCold   . . .        c - +0 buckler
rNeg    . . .        e - +0 chain mail
rPois   .            (no helmet)
rElec   .            f - +0 cloak
rCorr   .            (no gloves)
SInv    .            i - +1 pair of boots
Will    .....        (no amulet) Stlth
                     (no ring)
HPRegen 0.29/turn    (no ring)
MPRegen 0.10/turn

%: no passive effects
@: mighty, brilliant, gold aura, attractive
A: (nimble swimmer 2), mertail
a: Renounce Religion, Potion Petition, Call Merchant, Bribe Branch


You were in an ossuary.
You worshipped Gozag.
Gozag was aware of your devotion.
You visited 2 branches of the dungeon, and saw 5 of its levels.
You also visited: Ossuary.

You collected 315 gold pieces.
You paid 81 gold pieces to Gozag.

Inventory:

Hand Weapons
 a - a +0 trident (weapon)
Armour
 c - a +0 buckler (worn)
 e - a +0 chain mail (worn)
 f - a +0 cloak (worn)
 i - a +1 pair of boots (worn)
Wands
 l - a wand of acid (7)
Scrolls
 o - a scroll of identify
 q - 2 scrolls of fog {unknown}
 r - 3 scrolls of noise {unknown}
 s - a scroll of blinking {unknown}
Potions
 g - a potion of resistance {unknown}
 h - a potion of attraction
 j - a potion of invisibility {unknown}
 k - a potion of lignification {unknown}
 m - a potion of brilliance
 n - a potion of heal wounds {unknown}
 p - a potion of berserk rage {unknown}


   Skills:
 + Level 4.3 Fighting
 + Level 6.7 Polearms
 + Level 3.3 Armour
 * Level 4.3 Dodging
 + Level 0.1 Stealth
 + Level 3.9 Shields
 * Level 2.1 Evocations


You had 6 spell levels left.
You didn't know any spells.
Your spell library contained the following spells:

 Spells                   Type           Power      Damage    Failure   Level
 Kiss of Death            Conj/Necr      0%         2d5       99%         1
 Confusing Touch          Hex            0%         N/A       100%        3
 Dazzling Flash           Conj/Hex       0%         N/A       100%        3
 Volatile Blastmotes      Fire/Tloc      0%         2d10      100%        3
 Dispel Undead            Necr           0%         3d6       100%        4
 Starburst                Conj/Fire      0%         6d3       100%        6
 Maxwell's Capacitive Co  Air            0%         ∞         100%        8


Dungeon Overview and Level Annotations

Branches:
Dungeon (4/15)             Temple (1/1) D:4         Ossuary (1/1)

Altars:
Ashenzari
Dithmenos
Elyvilon
Fedhas
Gozag
Hepliaklqana
Kikubaaqudgha
Makhleb
Nemelex Xobeh
Okawaru
Qazlal
Sif Muna
Trog
Uskayaw
Vehumet
Wu Jian
Xom
Zin
The Shining One

Shops:
D:1 [   D:2 *!!


Innate Abilities, Weirdness & Mutations

((You are very nimble when in or above water. (Stealth+, EV+, Speed+++)))
Your lower body shifts to a powerful aquatic tail in water.


Message History

The wyvern zombie misses you. The wyvern zombie bites you!
* * * LOW HITPOINT WARNING * * *
You feel better. The wyvern zombie bites you.
* * * LOW HITPOINT WARNING * * *
You feel better.
The wyvern zombie completely misses you.
You feel very mighty all of a sudden. The wyvern zombie barely misses you. x2
You hit the wyvern zombie.
The wyvern zombie is severely damaged.
The wyvern zombie bites you!
* * * LOW HITPOINT WARNING * * *
You puncture the wyvern zombie!
You destroy the wyvern zombie!
The killer bee zombie hits you.
* * * LOW HITPOINT WARNING * * *
You puncture the killer bee zombie!
The killer bee zombie is moderately damaged.
The killer bee zombie hits you.
* * * LOW HITPOINT WARNING * * *
A centaur zombie comes into view.
The killer bee zombie completely misses you.
You barely miss the killer bee zombie.
The killer bee zombie is moderately damaged.
The killer bee zombie closely misses you.
You barely miss the killer bee zombie.
The killer bee zombie is moderately damaged.
You block the killer bee zombie's attack.
The killer bee zombie hits you but does no damage.
It was a potion of brilliance.
You feel clever all of a sudden. The killer bee zombie misses you.
The killer bee zombie hits you but does no damage.
A bog mummy comes into view.
It was a potion of attraction.
You feel attractive to monsters.
The killer bee zombie closely misses you.
The killer bee zombie hits you.
You die...
Your body crumbles into a pile of gold.

###############
#.#.#.#.#.#.#.#
###'#'#'#'#'#'#'###
#.'~............@.#
~##~##'##'##'##Z###
≈.+~#...#.#...#Z'.#
###.#.∩.###...#.###
~~#..∩# #...#.'
~.##### #####.#
P~.~ ..+ ##~# #M#
~~# #.'


You could see a bog mummy, a killer bee zombie and a centaur zombie.

Vanquished Creatures
  2 wyvern zombies (Ossuary)
  5 bullfrog zombies (Ossuary)
  A jelly (D:3)
  A hound (D:4)
  Ijyb (D:3)
  3 killer bee zombies (Ossuary)
  8 mummies (Ossuary)
  7 adders
  2 worms
  3 dart slugs
  3 orcs (D:3)
  7 bats
  9 endoplasms
  2 giant cockroaches
  6 goblins
  5 hobgoblins
  4 jackals (D:4)
  5 kobolds
  4 quokkas
  9 ball pythons
  5 frilled lizards
92 creatures vanquished.

Notes
Turn   | Place    | Note
-------+----------+-------------------------------------------
     0 | D:1      | Dorkslayer the Merfolk Fighter began the quest for the Orb.
     0 | D:1      | Reached XP level 1. HP: 18/18 MP: 1/1
   126 | D:1      | Reached XP level 2. HP: 24/24 MP: 2/2
   296 | D:1      | Reached skill level 1 in Dodging
   327 | D:1      | Found Seplyrikk's Antique Armour Shop.
   544 | D:2      | Found Xisem's General Store.
   578 | D:2      | Reached skill level 3 in Polearms
   578 | D:2      | Reached XP level 3. HP: 26/29 MP: 3/3
   714 | D:2      | Reached XP level 4. HP: 30/35 MP: 4/4
   802 | D:2      | Found Umpaq's Distillery.
  1091 | D:2      | Found Asuhun's Distillery.
  1130 | D:2      | Reached skill level 4 in Polearms
  1387 | D:3      | Reached XP level 5. HP: 23/41 MP: 5/5
  1484 | D:3      | Noticed Ijyb
  1493 | D:3      | Killed Ijyb
  1624 | D:3      | Found a burning altar of Makhleb.
  1785 | D:3      | Found a faded altar of an unknown god.
  1979 | D:4      | Reached skill level 5 in Polearms
  2037 | D:4      | Reached XP level 6. HP: 48/48 MP: 6/6
  2040 | D:4      | Found a staircase to the Ecumenical Temple.
  2052 | Temple   | Entered the Ecumenical Temple
  2073 | Temple   | Became a worshipper of Gozag Ym Sagoz the Greedy
  2185 | D:4      | Found a sand-covered staircase.
  2194 | Ossuary  | Entered an ossuary
  2237 | Ossuary  | Reached skill level 1 in Evocations
  2265 | Ossuary  | Reached skill level 6 in Polearms
  2265 | Ossuary  | Reached XP level 7. HP: 42/53 MP: 7/7
  2393 | Ossuary  | HP: 2/54 [wyvern zombie (10)]
  2399 | Ossuary  | HP: 1/54 [killer bee zombie (2)]
  2403 | Ossuary  | Slain by a killer bee zombie

Illustrated notes

Levels and vault maps discovered:
D:1:      mushboom_english_gardens, layout_basic, serial_glass, glass_columns_b,
          glass_columns_b, glass_columns_a, glass_columns_c, glass_columns_b,
          serial_shops, nicolae_shop_rolling_square, st_stairs_12,
          minmay_tripent
D:2:      layout_loops_ring, serial_shops, shop, nicolae_shop_industrial_runoff,
          shop_fountains, chequers_serial_rivers_small_b
D:3:      layout_rooms, mainiacjoe_overflow_paths,
          hellmonk_ecumenical_altar_arch_garden, serial_glass, glass_columns_a,
          glass_columns_a, uniq_ijyb
D:4:      layout_cave_pools, minmay_temple_entry_stoned_glass,
          mainiacjoe_ossuary_entry_dusty_tomb, minmay_cut_off
Temple:   regret_index_temple_mists
Ossuary:  ossuary_zaba_flooded

Skill      XL: |  1  2  3  4  5  6  7 |
---------------+----------------------+-----
Dodging        | 1 2 3 4 |  4.3
Polearms       | 3 4 5 6 |  6.7
Armour         | 3 |  3.3
Evocations     | 1 2 |  2.1
Fighting       | 4 |  4.3
Stealth        | |  0.1
Shields        | |  3.9

Action                     |  1- 3 |  4- 6 |  7- 9 || total
---------------------------+-------+-------+-------++-------
  Melee: Trident           |    79 |   236 |    69 ||   384
         Tailslap          |       |       |     2 ||     2
    Use: Scroll            |       |     2 |       ||     2
         Potion            |       |     2 |     7 ||     9
   Stab: Distracted        |       |     1 |       ||     1
 Armour: Chain mail        |    52 |   171 |    45 ||   268
         Scale mail        |     1 |       |       ||     1
  Dodge: Dodged            |    25 |   101 |    32 ||   158
  Block: Buckler           |    26 |    53 |    16 ||    95

Table legend: (Time is in decaauts)
 A = Elapsed time spent in this place.
 B = Non-inter-level travel time spent in this place.
 C = Inter-level travel time spent in this place.
 D = Time resting spent in this place.
 E = Time spent auto-exploring this place.
 F = Levels seen in this place.
 G = Mean time per level.
                   A        B        C        D        E       F      G
               +--------+--------+--------+--------+--------+-----+--------+
         Total |   2432 |   2432 |      0 |      0 |   1095 |   6 |  405.3 |
       Dungeon |   2177 |   2177 |      0 |      0 |   1095 |   4 |  544.2 |
        Temple |     33 |     33 |      0 |      0 |      0 |   1 |   33.0 |
       Ossuary |    221 |    221 |      0 |      0 |      0 |   1 |  221.0 |
               +--------+--------+--------+--------+--------+-----+--------+

Top non-repeatable levels by time:
     D:2: 767 daAuts
     D:3: 649 daAuts
     D:1: 553 daAuts
 Ossuary: 221 daAuts
     D:4: 207 daAuts
  Temple: 33 daAuts
